 Dungeon Crawl Stone Soup version 0.29.1-13-g9f3cf754e1 (webtiles) character file.

Game seed: 6833665253962709280

38257 Yallendallis the Severer (level 13, 0/114 (119) HPs)
             Began as a Minotaur Fighter on Feb 3, 2023.
             Was an Elder of Wu Jian.
             Slain by a vault guard
             ... wielding a +3 vorpal great sword
              (13 damage)
             ... on level 14 of the Dungeon.
             The game lasted 02:41:56 (23322 turns).

Yallendallis the Severer (Minotaur Fighter)        Turns: 23322, Time: 02:41:57

HP:   0/114 (119)   AC: 18    Str: 32    XL:     13   Next: 62%
MP:   12/12         EV: 13    Int:  5    God:    Wu Jian [****..]
Gold: 1004          SH: 18    Dex: 16    Spells: 12/12 levels left

rFire   . . .      SeeInvis .   M - +3 war axe (flame)
rCold   . . .      Faith    .   u - +0 tower shield
rNeg    . . .      Spirit   .   E - +4 ring mail
rPois   .          Reflect  .   (helmet restricted)
rElec   .          Harm     .   y - +2 cloak
rCorr   .          Rampage  .   Z - +0 pair of gloves
Will    .....                   s - +0 pair of boots
Stlth   +.........              (no amulet)
HPRegen 0.29/turn               F - +6 ring of strength
MPRegen 0.13/turn               c - +6 ring of strength

@: exhausted, lightly drained
A: horns 2, retaliatory headbutt, sense surroundings 1
a: Renounce Religion, Wall Jump, Serpent's Lash


You were on level 14 of the Dungeon.
You worshipped Wu Jian.
Wu Jian was greatly pleased with you.
You visited 3 branches of the dungeon, and saw 18 of its levels.

You collected 1413 gold pieces.
You spent 409 gold pieces at shops.

Inventory:

Hand Weapons
 m - a +2 flail of holy wrath
 M - a +3 war axe of flaming (weapon)
 T - a +3 mace of freezing
 V - a +1 dagger of electrocution
 Y - a +2 vorpal halberd
Missiles
 l - 33 poisoned darts (quivered)
 x - a throwing net
 I - 2 curare-tipped darts
Armour
 s - a +0 pair of boots (worn)
 u - a +0 tower shield (worn)
 y - a +2 cloak (worn)
 E - a +4 ring mail (worn)
 Z - a +0 pair of gloves (worn)
Jewellery
 a - the ring of Serendipity {rC- rN+ Int+4 Dex+2}
   (You found it on level 12 of the Dungeon)

   [ring of positive energy]

   Int:       It affects your intelligence (+4).
   Dex:       It affects your dexterity (+2).
   rC:        It makes you vulnerable to cold.
   rN:        It protects you from negative energy.
 b - a ring of fire
 c - a +6 ring of strength (right hand)
 o - a ring of flight
 p - a +6 ring of dexterity
 F - a +6 ring of strength (left hand)
Wands
 G - a wand of paralysis (7)
 J - a wand of quicksilver (12)
 O - a wand of flame (33)
 R - a wand of digging (13)
 S - a wand of polymorph (23)
 X - a wand of mindburst (8)
Scrolls
 e - 4 scrolls of enchant weapon
 g - a scroll of acquirement {unknown}
 h - 5 scrolls of blinking
 j - 7 scrolls of teleportation
 n - 5 scrolls of noise
 q - 7 scrolls of identify
 r - a scroll of fear
 z - a scroll of vulnerability {unknown}
 A - a scroll of brand weapon
 B - a scroll of amnesia {unknown}
 P - 4 scrolls of enchant armour
 Q - 3 scrolls of immolation
 U - a scroll of torment {unknown}
 W - 2 scrolls of poison {unknown}
Potions
 d - 2 potions of might
 f - a potion of magic {unknown}
 i - 2 potions of resistance
 k - 10 potions of curing
 t - a potion of haste {unknown}
 v - a potion of ambrosia {unknown}
 w - 3 potions of cancellation
 C - 2 potions of flight {unknown}
 D - 3 potions of degeneration
 K - 2 potions of lignification
 L - 2 potions of brilliance


   Skills:
 + Level 12.9 Fighting
 - Level 16.0 Axes
 * Level 2.2(10.6) Polearms
 + Level 1.6 Throwing
 * Level 12.9 Armour
 - Level 8.0 Dodging
 - Level 1.6 Stealth
 - Level 13.0 Shields


You had 12 spell levels left.
You didn't know any spells.
Your spell library contained the following spells:

 Spells                   Type           Power      Damage    Failure   Level
 Beastly Appendage        Tmut           0%         N/A       97%         1
 Foxfire                  Conj/Fire      0%         2x1d4     97%         1
 Magic Dart               Conj           0%         1d3       97%         1
 Necrotise                Necr           0%         1d4       97%         1
 Ensorcelled Hibernation  Hex/Ice        0%         N/A       99%         2
 Searing Ray              Conj           0%         2d4       99%         2
 Wereblood                Tmut           0%         N/A       99%         2
 Call Canine Familiar     Summ           0%         N/A       100%        3
 Conjure Flame            Conj/Fire      0%         6-21      100%        3
 Gell's Gravitas          Tloc           0%         N/A       100%        3
 Inner Flame              Hex/Fire       0%         N/A       100%        3
 Lesser Beckoning         Tloc           0%         N/A       100%        3
 Portal Projectile        Hex/Tloc       0%         N/A       100%        3
 Spider Form              Tmut/Pois      0%         N/A       100%        3
 Teleport Other           Tloc           0%         N/A       100%        3
 Vampiric Draining        Necr           0%         2d6       100%        3
 Anguish                  Hex/Necr       0%         N/A       100%        4
 Cause Fear               Hex            0%         N/A       100%        4
 Flame Wave               Conj/Fire      0%         2d4       100%        4
 Fulminant Prism          Conj/Hex       0%         3d6       100%        4
 Leda's Liquefaction      Hex/Erth       0%         N/A       100%        4
 Agony                    Necr           0%         N/A       100%        5
 Malign Gateway           Summ/Tloc      0%         N/A       100%        7
 Discord                  Hex            0%         N/A       100%        8
 Summon Horrible Things   Summ           0%         N/A       100%        8


Dungeon Overview and Level Annotations

Branches:
Dungeon (15/15)            Temple (1/1) D:5            Lair (0/5) D:11
    Orc (2/2) D:11            Elf (0/3) Orc:2        Vaults (0/5) D:14
 Depths: D:15

Altars:
Ashenzari
Cheibriados
Dithmenos
Elyvilon
Fedhas
Gozag
Hepliaklqana
Kikubaaqudgha
Makhleb
Nemelex Xobeh
Okawaru
Qazlal
Ru
Sif Muna
Trog
Uskayaw
Vehumet
Wu Jian
Xom
Yredelemnul
Zin
The Shining One

Shops:
D:1 (   D:6 !   D:14 *   Orc:1 ***   Orc:2 [

Portals:
Abyss: Orc:1

Annotations:
D:3 3 runed translucent doors, 1 exclusion, zeram's ghost, weakling TrSu
D:4 3 runed translucent doors, Rangus's ghost, novice GnWn
D:5 3 runed translucent doors, hbarley's ghost, novice HOFi
Orc:1 2 transporters, bjubeck's ghost, journeyman MiFi
Orc:2 Rupert


Innate Abilities, Weirdness & Mutations

You have a pair of horns on your head.
You reflexively headbutt those who attack you in melee.
You passively map a small area around you.


Message History

The vault guard attacks as you move away!
The vault guard hits you with a +3 vorpal great sword!
The vault guard attacks as you move away!
The vault guard hits you with a +1 battleaxe of draining!!
You feel drained.
* * * LOW HITPOINT WARNING * * *
Your muscles tense, ready for explosive movement...
You can no longer summon a storm of heavenly clouds.
Aiming: Wall Jump
Press: ? - help, Dir - move target You repeatedly attack the vault guard from above, with incredible momentum.
You hit the vault guard but do no damage.
You headbutt the vault guard, but do no damage.
The vault guard is moderately wounded.
You slice the vault guard!! You burn the vault guard!
Your headbutt misses the vault guard.
The vault guard is severely wounded.
You slash the vault guard! You burn the vault guard.
You blow up the vault guard!
The Council accepts your kill.
Your supernatural speed expires.
Your base Polearms skill increases to level 2!
The vault guard hits you but does no damage.
The vault guard closely misses you.
Things that are here:
a +1 battleaxe of draining; a +0 plate armour You spin and attack the vault guard.
You closely miss the vault guard.
You spin and attack the vault guard.
You barely miss the vault guard.
The vault guard hits you with a +1 vampiric great sword!!
* * * LOW HITPOINT WARNING * * *
You block the vault guard's attack.
Aiming: Wall Jump
Press: ? - help, Dir - move target You repeatedly attack the vault guard from above.
You barely miss the vault guard.
You headbutt the vault guard, but do no damage.
You slash the vault guard! You burn the vault guard.
The vault guard is lightly wounded.
The vault guard hits you with a +3 vorpal great sword!
You die...

###### #....##########. *
#............... ,
#...............
*#....[.......... ,
+....>°°○○...... ,
#......○@°..'?.. ,
#....[.pp○..#..........,
*#.......○...#,.........,
...####.####.##
#........, * ... ,...# .#
#........ + ...,....# .#
#...... .# ......# .#
#...., ... ......# * , *
#..##*, ... + ....
...###...##.....


You could see 2 vault guards.

Vanquished Creatures
  An ettin (Orc:1)
  2 boulder beetles (D:12)
  4 vault guards (D:14)
  A hydra (D:12)
  A centaur warrior (D:13)
  5 two-headed ogres
  An orc high priest (Orc:1)
  Pikel (D:4)
  8 deep elf pyromancers
  5 ugly things
  4 deep elf zephyrmancers (D:13)
  An orc sorcerer (Orc:1)
  3 cyclopes
  4 manticores
  3 centaur zombies (D:10)
  Maurice (D:12)
  3 gargoyles
  An efreet (D:12)
  An unseen horror (D:12)
  A kobold demonologist (D:10)
  4 unseen horror zombies (D:10)
  A komodo dragon (D:10)
  7 trolls
  4 shadows (D:10)
  4 vampires
  3 wyverns
  19 yaks
  6 wraiths
  5 humans (D:8)
  8 vampire mosquitoes
  2 wargs (Orc:1)
  2 hell hounds (Orc:1)
  An acid dragon (D:10)
  2 water moccasins
  16 orc warriors
  2 black bears
  7 centaurs
  2 ogres
  4 lemures
  A phantom (D:5)
  5 kobold brigands
  2 necrophages (D:5)
  A gnoll sergeant (D:10)
  3 bullfrogs
  3 scorpions
  A hornet simulacrum (D:14)
  7 wights
  6 killer bees (D:8)
  11 howler monkeys
  7 orc priests
  2 hounds
  A jelly (D:7)
  15 orc wizards
  2 iguanas
  2 howler monkey zombies (D:10)
  8 gnolls
  3 adders
  A shadow imp (D:6)
  3 white imps
  4 worms
  4 dart slugs
  62 orcs
  3 bats
  6 endoplasms
  3 giant cockroaches
  14 goblins
  7 hobgoblins
  4 jackals (D:3)
  19 kobolds
  2 quokkas
  8 ball pythons
  2 frilled lizards (D:2)
  4 rats
376 creatures vanquished.

Vanquished Creatures (others)
  An orc (D:6)
  13 fungi (D:11)
  4 plants (D:11)
  15 withered plants (D:10)
33 creatures vanquished.

Grand Total: 409 creatures vanquished

Notes
Turn   | Place    | Note
-------+----------+-------------------------------------------
     0 | D:1      | Yallendallis the Minotaur Fighter began the quest for the
                  | Orb.
     0 | D:1      | Reached XP level 1. HP: 19/19 MP: 0/0
    27 | D:1      | Found Aseishe's Antique Weapon Emporium.
   336 | D:1      | Reached XP level 2. HP: 27/27 MP: 1/1
   978 | D:1      | Found a faded altar of an unknown god.
   988 | D:1      | Reached skill level 3 in Axes
  1236 | D:2      | Found an iron altar of Okawaru.
  1255 | D:2      | Reached XP level 3. HP: 33/33 MP: 2/2
  1744 | D:2      | Reached XP level 4. HP: 35/40 MP: 3/3
  2235 | D:3      | Noticed a centaur
  2240 | D:3      | Killed a centaur
  2241 | D:3      | Reached skill level 4 in Axes
  2241 | D:3      | Reached XP level 5. HP: 32/47 MP: 4/4
  2464 | D:3      | Found a runed translucent gate.
  2464 | D:3      | Found a runed translucent gate.
  2467 | D:3      | Found a runed translucent gate.
  2469 | D:3      | Noticed zeram's ghost (weakling TrSu)
  2679 | D:3      | Reached skill level 5 in Axes
  2788 | D:4      | Noticed an ogre
  2797 | D:4      | Noticed a lemure
  3296 | D:4      | Noticed a lemure
  3296 | D:4      | Noticed Pikel
  3307 | D:3      | Killed a lemure
  3521 | D:4      | Found a blossoming altar of Fedhas.
  3625 | D:3      | Reached skill level 1 in Dodging
  3630 | D:3      | Reached skill level 5 in Armour
  3630 | D:3      | Reached XP level 6. HP: 42/53 MP: 5/5
  3946 | D:5      | Entered Level 5 of the Dungeon
  4412 | D:4      | Found a runed translucent gate.
  4412 | D:4      | Found a runed translucent gate.
  4412 | D:4      | Found a runed translucent gate.
  4414 | D:4      | Noticed Rangus's ghost (novice GnWn)
  5494 | D:5      | Found a runed translucent gate.
  5494 | D:5      | Found a runed translucent gate.
  5494 | D:5      | Found a runed translucent gate.
  5495 | D:5      | Noticed hbarley's ghost (novice HOFi)
  5496 | D:5      | Identified the +2 cloak of Precision Catastrophes {rElec
                  | Str-3 Int+9 Dex-3}
  5859 | D:5      | Reached skill level 5 in Fighting
  5862 | D:5      | Found a staircase to the Ecumenical Temple.
  5873 | Temple   | Entered the Ecumenical Temple
  5960 | Temple   | Became a worshipper of the Wu Jian Council
  6053 | D:5      | Reached XP level 7. HP: 41/60 MP: 6/6
  6071 | D:5      | Reached skill level 5 in Shields
  6102 | D:5      | Reached skill level 6 in Axes
  6657 | D:6      | Found Pol Labe's Distillery.
  7750 | D:4      | Killed Pikel
  7751 | D:4      | Reached skill level 7 in Axes
  7751 | D:4      | Reached XP level 8. HP: 70/70 MP: 7/7
  7810 | D:6      | Found a glowing golden altar of the Shining One.
  8578 | D:7      | Found a flagged portal.
  8611 | D:7      | Reached skill level 8 in Axes
  8929 | D:7      | Reached XP level 9. HP: 60/78 MP: 8/8
  9778 | D:6      | Reached skill level 9 in Axes
  9781 | D:6      | Reached * piety under Wu Jian
  9807 | D:6      | Bought a potion of heal wounds for 70 gold pieces
 10759 | D:8      | Reached skill level 10 in Axes
 10759 | D:8      | Reached skill level 5 in Dodging
 11148 | D:8      | You fall into a shaft and drop 1 floor!
 11259 | D:9      | Reached XP level 10. HP: 88/88 MP: 9/9
 11312 | D:9      | Reached skill level 11 in Axes
 11980 | D:8      | Reached skill level 12 in Axes
 12528 | D:10     | Entered Level 10 of the Dungeon
 12532 | D:10     | Reached ** piety under Wu Jian
 13122 | D:10     | Reached XP level 11. HP: 87/95 MP: 10/10
 13302 | D:10     | Noticed a two-headed ogre
 13315 | D:10     | Killed a two-headed ogre
 13316 | D:10     | Reached skill level 13 in Axes
 15171 | D:10     | Found an opulent altar of Gozag.
 15181 | D:10     | Found a bloodstained altar of Trog.
 15356 | D:10     | Reached skill level 10 in Armour
 15475 | D:11     | Found a staircase to the Orcish Mines.
 15504 | D:11     | Reached *** piety under Wu Jian
 15505 | D:11     | Reached skill level 14 in Axes
 15642 | D:11     | Noticed a two-headed ogre
 15643 | D:11     | Noticed a two-headed ogre
 15744 | D:11     | Reached skill level 10 in Shields
 15881 | D:11     | Noticed a two-headed ogre
 15887 | D:11     | Killed a two-headed ogre
 15888 | D:11     | Reached skill level 10 in Fighting
 16161 | D:11     | Killed a two-headed ogre
 16168 | D:11     | Killed a two-headed ogre
 16169 | D:11     | Reached XP level 12. HP: 94/106 MP: 11/11
 16819 | D:11     | Found a staircase to the Lair.
 16901 | Orc:1    | Entered Level 1 of the Orcish Mines
 17089 | Orc:1    | Found a transporter.
 17204 | Orc:1    | Found Mumecan's Gadget Gallery.
 17216 | Orc:1    | Found Dovoku Gaar's Specific Store.
 17217 | Orc:1    | Found Ybaiphu's General Store.
 17257 | Orc:1    | Bought a +0 pair of gloves for 76 gold pieces
 17257 | Orc:1    | Bought a scroll of enchant armour for 127 gold pieces
 17294 | Orc:1    | You fall into a shaft and drop 1 floor!
 17294 | Orc:2    | Entered Level 2 of the Orcish Mines
 17301 | Orc:2    | Found a staircase to the Elven Halls.
 17395 | Orc:2    | Noticed Rupert
 17591 | Orc:1    | Noticed an orc warlord
 17645 | Orc:1    | Reached **** piety under Wu Jian
 17659 | Orc:1    | Noticed a great orb of eyes
 17933 | Orc:1    | Noticed an ettin
 17978 | Orc:2    | Found Full's Armour Shoppe.
 18015 | Orc:2    | Paralysed by Rupert for 5 turns
 18380 | Orc:1    | Found a transporter.
 18456 | Orc:1    | Killed an ettin
 18457 | Orc:1    | Reached skill level 15 in Axes
 18750 | Orc:1    | Noticed bjubeck's ghost (journeyman MiFi)
 18792 | Orc:1    | Noticed an orc high priest
 19151 | Orc:2    | Reached skill level 1 in Throwing
 19163 | Orc:2    | Paralysed by Rupert for 3 turns
 19183 | Orc:1    | Killed an orc high priest
 19455 | Orc:1    | Found a one-way gate to the infinite horrors of the Abyss.
 19490 | Orc:1    | Bought a potion of mutation for 136 gold pieces
 19490 | Orc:1    | Gained mutation: You passively map a small area around you.
                  | [potion of mutation]
 19542 | D:12     | Noticed a six-headed hydra
 19542 | D:12     | Noticed a boulder beetle
 19674 | D:12     | Noticed Maurice
 19686 | D:12     | Killed Maurice
 19729 | D:12     | Found a gate leading to a gauntlet.
 19968 | D:12     | Reached skill level 1 in Stealth
 20051 | D:12     | Identified the ring of Serendipity {rC- rN+ Int+4 Dex+2}
 20653 | D:12     | Noticed a boulder beetle
 20655 | D:12     | Killed a two-headed hydra
 20666 | D:12     | Killed a boulder beetle
 20668 | D:12     | Killed a boulder beetle
 20932 | D:12     | Reached XP level 13. HP: 86/116 MP: 12/12
 21434 | D:13     | Reached skill level 16 in Axes
 21579 | D:13     | HP: 2/117 [deep elf pyromancer/bolt of fire (30)]
 22776 | D:14     | Found Catoyf's Assorted Antiques.
 22834 | D:15     | Entered Level 15 of the Dungeon
 22958 | D:14     | Found a gate to the Vaults.
 22975 | D:14     | Reached skill level 1 in Polearms
 23296 | D:14     | Reached ***** piety under Wu Jian
 23322 | D:14     | Slain by a vault guard

Illustrated notes

Levels and vault maps discovered:
D:1:      shiori_shiawase, layout_rooms, chequers_ecumenical_altar_twisty,
          serial_shops, nicolae_shop_waterfront, serial_co_window_serial,
          co_window_paths_a, co_window_paths_b, co_window_paths_a,
          co_window_of_opportunity_a, co_window_of_opportunity_a,
          co_window_broadway_c, co_window_2corner, co_window_corner_b,
          co_window_4corner_b, co_window_paths_d, glass_columns_b,
          glass_columns_a, glass_columns_b, glass_columns_a, glass_columns_b,
          minmay_tiny_reverse_x
D:2:      layout_basic, basic_altar
D:3:      layout_loops_ring, gammafunk_ghost_necromancy
D:4:      layout_cave_pools, kennysheep_mini_moat,
          gammafunk_ghost_nasty_kobolds, corexii_shack, uniq_pikel
D:5:      layout_layer_cave, minmay_temple_entry_trees, gammafunk_ghost_split
D:6:      layout_cave_pods, mainiacjoe_overflow_brackets, serial_shops,
          shop_statue
D:7:      layout_loops_cross, enter_bailey_5, hex_large
D:8:      layout_rooms, wad_floor_pattern_untrapped, minmay_ruffians
D:9:      layout_small_grid
D:10:     layout_roguey, mainiacjoe_overflow_big_doors, serial_undead,
          serial_undead_d, serial_undead_e, serial_undead_f, serial_undead_c,
          serial_undead_d, serial_undead_b, serial_undead_e, serial_undead_b,
          st_stairs_2
D:11:     layout_layer_cave, grunt_lair_entry_orc_guard_hut, orc_0_dummy
D:12:     layout_loops_corners, gauntlet_entry_generic, uniq_maurice
D:13:     layout_loops_ring, elves_outpost_lemuel
D:14:     minmay_smoke_and_mirrors, layout_basic, erik_vaults_2,
          hangedman_decor_opposing, serial_shops, nicolae_diamond_shop
D:15:     gammafunk_depths_entry_grave, layout_loops_cross, elyvilon_altar_1,
          nicolae_trove_entry_crossroad
Temple:   compressed_dpeg_circular_temple
Orc:1:    layout_caves, gammafunk_ghost_abyssal_escape, enter_volcano_3,
          nicolae_specific_store, nicolae_shop_gadgets
Orc:2:    hellmonk_orc_salted, layout_caves, basic_altar, serial_shops,
          shop_statue, uniq_rupert, uniq_snorg

Skill      XL: |  1  2  3  4  5  6  7  8  9 10 11 12 13 |
---------------+----------------------------------------+-----
Fighting       | 4 5 6 7 8 10 11 12 | 12.9
Armour         | 4 5 7 8 9 10 11 12 | 12.9
Shields        | 4 6 7 8 10 11 13 | 13.0
Axes           | 3 4 5 7 8 10 12 14 15 16 | 16.0
Dodging        | 1 2 3 4 5 6 7 8 |  8.0
Throwing       | 1 |  1.6
Stealth        | 1 |  1.6
Polearms       | 2 |  2.2

Action                   |  1- 3 |  4- 6 |  7- 9 | 10-12 | 13-15 || total
-------------------------+-------+-------+-------+-------+-------++-------
Melee: War axe           |    89 |   159 |   283 |   651 |   160 ||  1342
       Headbutt          |    14 |    26 |    53 |   166 |    36 ||   295
Throw: Stone             |       |     3 |       |       |       ||     3
       Dart              |       |       |       |    18 |       ||    18
Invok: Lunge             |       |       |    14 |    41 |    13 ||    68
       Whirlwind         |       |       |       |    75 |    23 ||    98
       Serpent's Lash    |       |       |       |       |     2 ||     2
 Abil: Wall Jump         |       |       |       |    15 |    13 ||    28
  Use: Scroll            |       |     3 |       |    13 |     2 ||    18
       Potion            |       |       |       |     1 |     2 ||     3
 Stab: Distracted        |       |       |       |       |     1 ||     1
Armor: Scale mail        |    28 |    63 |       |       |       ||    91
       Plate armour      |       |    15 |    61 |       |       ||    76
       Ring mail         |       |       |    69 |   203 |    28 ||   300
Dodge: Dodged            |    35 |    41 |    58 |   213 |    35 ||   382
Block: Buckler           |    11 |     6 |       |       |       ||    17
       Tower shield      |       |   145 |   220 |   524 |   112 ||  1001
